 Dungeon Crawl Stone Soup version 0.23.2-40-g277498a001 (webtiles) character file.

Game seed: 3704527571668693718

136 Buffaloe the Cudgeler (level 5, -1/32 HPs)
             Began as a Gargoyle Gladiator on Oct 18, 2019.
             Slain by Ijyb
             ... wielding a +0 club
              (2 damage)
             ... on level 3 of the Dungeon.
             The game lasted 00:07:11 (2787 turns).

Buffaloe the Cudgeler (Gargoyle Gladiator)          Turns: 2787, Time: 00:07:11

Health: -1/32      AC:  8    Str: 18    XL:     5   Next: 19%
Magic:  5/5        EV: 12    Int:  9    God:
Gold:   170        SH:  0    Dex: 11    Spells: 4/4 levels left

rFire    + . .     SeeInvis .   a - +0 flail
rCold    + . .     Gourm    .   (no shield)
rNeg     + . .     Faith    .   b - +0 leather armour
rPois    ∞         Spirit   .   c - +0 helmet
rElec    +         Reflect  .   i - scarf {rC+ rF+}
rCorr    .         Harm     .   (no gloves)
MR       .....                  (no boots)
Stlth    +.........             (no amulet)
HPRegen  0.10/turn              (no ring)
MPRegen  0.09/turn              (no ring)

@: no status effects
A: negative energy resistance 1, electricity resistance, unbreathing,
petrification resistance, rot immunity, AC +4
a: no special abilities


You were on level 3 of the Dungeon.
You were hungry.

You visited 1 branch of the dungeon, and saw 3 of its levels.

You collected 170 gold pieces.

Inventory:

Hand Weapons
 a - a +0 flail (weapon)
Armour
 b - a +0 leather armour (worn)
 c - a +0 helmet (worn)
 i - a scarf of resistance (worn)
Wands
 d - a wand of random effects (22)
Scrolls
 e - 3 scrolls of identify {unknown}
 m - a scroll of teleportation {unknown}
 o - a scroll of fog {unknown}
 p - a scroll of fear {unknown}
 q - 2 scrolls of amnesia {unknown}
 r - a scroll of enchant armour {unknown}
Potions
 g - a potion of might {unknown}
 h - 2 potions of curing {unknown}
 j - 2 potions of flight {unknown}
 k - 2 potions of resistance {unknown}
 l - a potion of haste {unknown}
 n - a potion of magic {unknown}
Comestibles
 f - 6 rations


   Skills:
 + Level 3.4 Fighting
 * Level 4.5 Maces & Flails
 - Level 1.7 Throwing
 + Level 2.2 Armour
 - Level 2.4 Dodging


You had 4 spell levels left.
You didn't know any spells.
Your spell library contained the following spells:

 Spells                   Type           Power        Failure   Level  Hunger
 Animate Skeleton         Necr           N/A          43%         1    ##.....
 Apportation              Tloc           #.....       43%         1    ##.....
 Confusing Touch          Hex            #.....       43%         1    ##.....
 Summon Small Mammal      Summ           #...         43%         1    ##.....


Dungeon Overview and Level Annotations

Branches:
Dungeon (3/15)

Altars:
Cheibriados
Dithmenos
Vehumet

Annotations:
D:3 1 runed translucent door, Crazy Yiuf, Ijyb


Innate Abilities, Weirdness & Mutations

You are resistant to torment.
Your stone body is resilient. (AC +4)
You are immune to poison.
You resist negative energy. (rN+)
You are resistant to electric shocks. (rElec)
You can survive without breathing.
You are immune to petrification.
You are immune to rotting.


Message History

There is a stone staircase leading down here.
d - a wand of random effects (22)
You open the door.
There is an open door here.
q - 2 scrolls labeled MURU UQER YNI You are feeling hungry.
Found 5 tomahawks.
Ijyb the Twisted Goblin comes into view.
She is wielding a +0 club and carrying a wand of acid (11).
Ijyb shouts!
Press: ? - help, v - describe, . - travel
Here: Ijyb, wielding a +0 club, wearing a +0 ring mail and carrying a wand of acid (11)
The floor.
You hit Ijyb but do no damage. Ijyb closely misses you.
You closely miss Ijyb.
Ijyb zaps a wand.
The bolt of acid hits you!
Ouch! That really hurt!
You are splashed with acid!
* * * LOW HITPOINT WARNING * * *
Ijyb zaps a wand.
The bolt of acid misses you.
You barely miss Ijyb. Ijyb hits you with a +0 club.
You die...

.<....+..............#
....###............(.#
....+..####..........# .#
....##'####.......#### g#
.........##.......# .#
.#................# .#
.#................# .#
.#................# .#
...............(@############.#
................g.............#
.................##############
.................#
...####.....###### #### #.....#
# ###...# # ##### #


You could see Ijyb.

Vanquished Creatures
  Natasha (twice) (D:3)
  2 adders
  3 worms (D:2)
  3 dart slugs
  A leopard gecko (D:3)
  An orc (D:2)
  4 bats
  7 giant cockroaches
  7 goblins
  4 hobgoblins
  2 jackals (D:1)
  A quokka (D:2)
  A ball python (D:1)
  3 frilled lizards
  4 kobolds
  7 rats
52 creatures vanquished.

Notes
Turn   | Place    | Note
-------+----------+-------------------------------------------
     0 | D:1      | Buffaloe the Gargoyle Gladiator began the quest for the
                  | Orb.
     0 | D:1      | Reached XP level 1. HP: 12/12 MP: 1/1
   145 | D:1      | Reached XP level 2. HP: 16/18 MP: 2/2
   427 | D:1      | Reached skill level 1 in Armour
   624 | D:1      | Reached XP level 3. HP: 22/22 MP: 3/3
  1730 | D:2      | Found a snail-covered altar of Cheibriados.
  1971 | D:2      | Reached skill level 4 in Maces & Flails
  1971 | D:2      | Reached XP level 4. HP: 19/28 MP: 4/4
  2116 | D:3      | Found a shadowy altar of Dithmenos.
  2152 | D:3      | Found a radiant altar of Vehumet.
  2287 | D:3      | Found a runed translucent door.
  2288 | D:3      | Noticed Crazy Yiuf
  2488 | D:3      | Noticed Natasha
  2504 | D:3      | Killed Natasha
  2533 | D:3      | Noticed Natasha
  2553 | D:3      | Killed Natasha
  2553 | D:3      | Reached XP level 5. HP: 24/32 MP: 5/5
  2765 | D:3      | Noticed Ijyb
  2786 | D:3      | HP: 1/32 [acid (15)]
  2787 | D:3      | Slain by Ijyb

Skill      XL: |  1  2  3  4 |
---------------+-------------+-----
Armour         | 1 2 |  2.2
Fighting       | 3 |  3.4
Maces & Flails | 4 |  4.5
Throwing       | |  1.7
Dodging        | |  2.4

Action                   |  1- 3 |  4- 6 || total
-------------------------+-------+-------++-------
Melee: Flail             |   122 |    60 ||   182
Throw: Throwing net      |       |     3 ||     3
 Stab: Held in net/web   |       |     3 ||     3
  Eat: Chunk             |     2 |       ||     2
       Ration            |       |     1 ||     1
Armor: Leather armour    |    50 |    37 ||    87
Dodge: Dodged            |    89 |    60 ||   149
